 Dungeon Crawl Stone Soup version 0.22.0 (webtiles) character file.

4809 tsouns the Spear-Bearer (level 10, -1/91 HPs)
             Began as a Demigod Arcane Marksman on Aug 11, 2018.
             Splashed by Maurice's acid (6 damage)
             ... on level 9 of the Dungeon.
             The game lasted 00:23:07 (9271 turns).

tsouns the Spear-Bearer (Demigod Arcane Marksman)   Turns: 9271, Time: 00:23:08

Health: -1/91      AC:  9    Str: 17    XL:     10   Next: 4%
Magic:  14/14      EV: 10    Int: 19    God:
Gold:   359        SH:  0    Dex: 16    Spells: 7/11 levels left

rFire    + . .     SeeInvis .   d - +0 halberd
rCold    + + .     Gourm    .   (shield currently unavailable)
rNeg     . . .     Faith    .   k - +2 chain mail {rC+}
rPois    .         Spirit   .   (no helmet)
rElec    .         Reflect  .   B - scarf {rC+ rF+}
rCorr    +         Harm     .   m - +0 pair of gloves
MR       +....                  E - +1 pair of boots
Stlth    ..........             (no amulet)
HPRegen  0.25/turn              e - ring of resist corrosion
MPRegen  0.14/turn              v - +3 ring of evasion

@: lethally poisoned (-1 -> -2), corroded
A: high mp 1
a: no special abilities


You were on level 9 of the Dungeon.
You were not hungry.

You visited 1 branch of the dungeon, and saw 9 of its levels.

You collected 449 gold pieces.
You spent 90 gold pieces at shops.

Inventory:

Hand Weapons
 c - a +0 quarterstaff
 d - a +0 halberd (weapon)
 g - a +1 dagger
 o - a +0 blowgun
 q - a +0 hunting sling
 C - a +0 falchion of flaming
Missiles
 h - 5 javelins (quivered)
 i - 177 stones
 l - 62 arrows
 r - 39 poisoned needles
 z - 20 sling bullets
Armour
 k - a +2 chain mail of cold resistance (worn)
 m - a +0 pair of gloves (worn)
 B - a scarf of resistance (worn)
 E - a +1 pair of boots (worn)
Jewellery
 e - a ring of resist corrosion (left hand)
 v - a +3 ring of evasion (right hand)
Wands
 p - a wand of iceblast (22)
 u - a wand of scattershot (6)
 x - a wand of random effects (26)
 y - a wand of flame (19)
Scrolls
 s - 2 scrolls of teleportation
 t - 3 scrolls of identify
 w - 3 scrolls of remove curse
 A - a scroll of immolation
 D - 2 scrolls of amnesia
Potions
 a - a potion of invisibility
 j - 9 potions of curing
 n - 3 potions of brilliance
 F - a potion of magic
Comestibles
 f - 12 rations


   Skills:
 + Level 9.4 Fighting
 * Level 9.9(10.0) Polearms
 - Level 1.7(6.5) Staves
 - Level 1.7 Throwing
 - Level 1.7 Dodging
 - Level 1.0 Spellcasting
 - Level 2.6 Hexes


You had 7 spell levels left.
You knew the following spells:

 Your Spells              Type           Power        Failure   Level  Hunger
a - Corona                Hex            ##.....      75%         1    ##.....
b - Portal Projectile     Hex/Tloc       #.....       99%         3    ####...

Your spell library contained the following spells:

 Spells                   Type           Power        Failure   Level  Hunger
 Cause Fear               Hex            ##........   100%        4    #####..
 Slow                     Hex            ##......     86%         2    ###....
 Confuse                  Hex            ##......     98%         3    ####...
 Confusing Touch          Hex            ##....       75%         1    ##.....
 Metabolic Englaciation   Hex/Ice        #.........   100%        5    ######.
 Petrify                  Tmut/Erth      #.......     100%        4    #####..
 Leda's Liquefaction      Hex/Erth       #.........   100%        4    #####..
 Inner Flame              Hex/Fire       #.......     99%         3    ####...
 Gell's Gravitas          Tloc           #.........   100%        3    ####...
 Yara's Violent Unravell  Hex/Tmut       #.........   100%        5    ######.


Dungeon Overview and Level Annotations

Branches:
Dungeon (9/15)             Temple (0/1) D:5            Lair (0/6) D:8
    Orc: D:9-12

Annotations:
D:4 3 runed doors, Gorglomux's ghost, amateur GrFi
D:8 Harold
D:9 Maurice


Innate Abilities, Weirdness & Mutations

You have an increased reservoir of magic. (+10% MP)


Message History

The burst of metal fragments hits the adder.
You kill the adder!
The burst of metal fragments hits the kobold.
You kill the kobold!
Things that are here:
a giant spiked club; a giant club; an adder corpse You feel sick.
Things that are here:
a scroll of immolation; a kobold corpse
Things that are here:
a giant spiked club; a giant club; an adder corpse Attack whom?
Press: ? - help, Dir - move target cursor, f - kobold
Aim: a kobold, wielding a whip You reach to attack!
You hit the kobold.
You kill the kobold!
Maurice zaps a wand.
The bolt of acid hits you! You resist.
* * * LOW HITPOINT WARNING * * *
The acid corrodes you!
You are splashed with acid!
The acid burns!
You resist.
You die...

.#..........#
###....$..##.#O#.#
.#..........# #...######@#g#.#
####.......# #..[#(K((.$#.#.#
#.......# #...#(######.#.#
#.......# ## #.#......#.#.
#.......# #K#......#
#.#.......#### #S#........#
#.#..........######O#.....##.#
#.#......###..@)?)#.#..........
#.#......# #.####.@.###....# ##
#.##########.# ##### #####
#.........#..# #########.#.##
#..#.# #.#..# #...## #####


You could see Maurice.

Vanquished Creatures
  A two-headed ogre (D:9)
  Joseph (D:7)
  Prince Ribbit (D:8)
  A hippogriff (D:8)
  A spriggan (D:7)
  3 porcupines (D:8)
  2 black bears (D:8)
  An orc warrior (D:6)
  A phantom (D:7)
  A sky beast (D:2)
  2 wolves
  An ogre (D:4)
  4 centaurs
  4 crocodiles (D:8)
  4 bullfrogs
  2 big kobolds (D:9)
  A gnoll sergeant (D:8)
  4 scorpions
  A water moccasin skeleton (D:5)
  5 howler monkeys
  2 crimson imps
  A bullfrog zombie (D:5)
  A quasit (D:6)
  2 hounds
  2 jellies
  3 orc priests (D:8)
  3 orc wizards
  5 worker ants
  A worker ant zombie (D:7)
  4 adders
  9 gnolls
  A howler monkey skeleton (D:5)
  A shadow imp (D:5)
  An ooze (D:2)
  3 adder skeletons
  2 dart slugs (D:1)
  A worm (D:2)
  5 leopard geckos
  14 orcs
  4 giant cockroaches
  9 goblins
  9 hobgoblins
  3 jackals (D:3)
  2 quokkas
  A ball python (D:1)
  7 bats
  9 frilled lizards
  16 kobolds
  A leopard gecko skeleton (D:7)
  A quokka zombie (D:5)
  21 rats
185 creatures vanquished.

Vanquished Creatures (others)
  A fungus (D:8)
  5 plants (D:8)
6 creatures vanquished.

Grand Total: 191 creatures vanquished

Notes
Turn   | Place    | Note
-------+----------+-------------------------------------------
     0 | D:1      | tsouns the Demigod Arcane Marksman began the quest for the Orb.
     0 | D:1      | Reached XP level 1. HP: 15/15 MP: 4/4
    19 | D:1      | Reached skill level 1 in Fighting
   480 | D:1      | Reached XP level 2. HP: 13/24 MP: 5/5
  1555 | D:2      | Reached XP level 3. HP: 15/30 MP: 6/6
  2119 | D:2      | Found a faded altar of an unknown god.
  2161 | D:2      | Noticed a sky beast
  2180 | D:3      | You fall through a shaft!
  2192 | D:4      | Found a runed gate.
  2193 | D:4      | Found a runed gate.
  2197 | D:4      | Found a runed gate.
  2197 | D:4      | Noticed Gorglomux's ghost (amateur GrFi)
  2381 | D:3      | Learned a level 3 spell: Portal Projectile
  2513 | D:3      | Reached skill level 1 in Staves
  2612 | D:3      | Reached XP level 4. HP: 24/38 MP: 8/8
  3576 | D:2      | Killed a sky beast
  3576 | D:2      | Reached skill level 1 in Polearms
  3576 | D:2      | Reached XP level 5. HP: 32/46 MP: 9/9
  3983 | D:4      | Noticed an ogre
  3993 | D:4      | Killed an ogre
  3993 | D:4      | Reached XP level 6. HP: 55/55 MP: 10/10
  4193 | D:4      | Reached skill level 5 in Fighting
  4341 | D:5      | Entered Level 5 of the Dungeon
  4506 | D:5      | Found a staircase to the Ecumenical Temple.
  4822 | D:5      | Reached XP level 7. HP: 61/61 MP: 11/11
  4837 | D:5      | Found a sparkling altar of Nemelex Xobeh.
  5120 | D:6      | Found a glowing golden altar of the Shining One.
  5238 | D:6      | Reached skill level 5 in Polearms
  5836 | D:7      | Noticed Joseph
  5857 | D:7      | Killed Joseph
  5857 | D:7      | Reached XP level 8. HP: 25/71 MP: 12/12
  6451 | D:7      | Found Zin's Purification Station.
  6456 | D:7      | Found a glowing silver altar of Zin.
  6465 | D:7      | Bought a potion of curing for 90 gold pieces
  6542 | D:7      | Found a stormy altar of Qazlal.
  7229 | D:8      | Noticed a hippogriff
  7258 | D:8      | Killed a hippogriff
  7265 | D:8      | Reached XP level 9. HP: 20/81 MP: 13/13
  8093 | D:8      | Found a staircase to the Lair.
  8094 | D:8      | Noticed Prince Ribbit
  8292 | D:8      | Killed Prince Ribbit
  8460 | D:8      | Found a basalt altar of Yredelemnul.
  8499 | D:8      | Noticed a two-headed ogre
  8500 | D:8      | Noticed Harold
  8600 | D:9      | Noticed a two-headed ogre
  9110 | D:9      | Found a bloodstained altar of Trog.
  9217 | D:9      | Noticed Maurice
  9264 | D:9      | Killed a two-headed ogre
  9264 | D:9      | Reached XP level 10. HP: 16/91 MP: 14/14
  9271 | D:9      | Splashed by Maurice's acid

Skill      XL: |  1  2  3  4  5  6  7  8  9 |
---------------+----------------------------+-----
Fighting       | 2 3 4 5 6 7 9 |  9.4
Staves         | 1 |  1.7
Polearms       | 1 2 4 6 7 9 |  9.9
Throwing       | |  1.7
Dodging        | |  1.7
Spellcasting   | |  1.0
Hexes          | |  2.6

Action                   |  1- 3 |  4- 6 |  7- 9 | 10-12 || total
-------------------------+-------+-------+-------+-------++-------
Melee: Unarmed           |    22 |       |       |       ||    22
       Dagger            |   254 |       |       |       ||   254
       Quarterstaff      |    61 |    17 |       |       ||    78
       Halberd           |       |   187 |   420 |     2 ||   609
Throw: Javelin           |    22 |    10 |     2 |       ||    34
       Throwing net      |     3 |     1 |       |       ||     4
Evoke: Wand              |       |       |     2 |     2 ||     4
  Use: Scroll            |     4 |     9 |     5 |       ||    18
       Potion            |       |       |     7 |       ||     7
 Stab: Sleeping          |     2 |       |       |       ||     2
       Held in net/web   |     1 |       |       |       ||     1
  Eat: Chunk             |     6 |     7 |    15 |       ||    28
Armor: Robe              |    41 |       |       |       ||    41
       Chain mail        |   147 |   134 |   242 |     1 ||   524
Dodge: Dodged            |   181 |    99 |   187 |       ||   467
